 Dungeon Crawl Stone Soup version 0.30-a0-1161-g0704695555 (webtiles) character file.

Game seed: 11674086095912661772

69 MackTheKnife the Ruffian (level 4, -1/35 HPs)
             Began as a Ghoul Artificer on Apr 27, 2023.
             Slain by Natasha (6 damage)
             ... on level 2 of the Dungeon.
             The game lasted 00:03:16 (1501 turns).

MackTheKnife the Ruffian (Ghoul Artificer)          Turns: 1501, Time: 00:03:17

Health: -1/35      AC:  3    Str: 15    XL:     4   Next: 20%
Magic:  3/3        EV: 11    Int:  6    God:
Gold:   114        SH:  0    Dex: 11    Spells: 3/3 levels left

rFire   . .          .
                       - Unarmed
rCold   + . .        (no shield)
rNeg    + + +        b - +0 leather armour
rPois   ∞            (no helmet)
rElec   .            (no cloak)
rCorr   .            (no gloves)
SInv    .            (no boots)
Will    .....        (no amulet)
Stlth   +            (no ring)
HPRegen 0.00/turn    (no ring)
MPRegen 0.08/turn

%: no passive effects
@: inhibited regen
A: claws 1, cold resistance 1, negative energy resistance 3, inhibited
regeneration, torment resistance 2, devour on kill
a: no special abilities


You were on level 2 of the Dungeon.
You visited 1 branch of the dungeon, and saw 2 of its levels.

You collected 114 gold pieces.


Innate Abilities, Weirdness & Mutations

You are immune to poison.
You have sharp fingernails.
Your flesh is cold resistant. (rC+)
You are immune to negative energy. (rN+++)
You do not regenerate when monsters are visible.
You are immune to unholy pain and torment.
You thrive by killing the living.


   Skills:
 - Level 1.1 Fighting
 - Level 1.7 Armour
 - Level 0.8 Dodging
 - Level 1.1 Stealth
 + Level 4.1 Unarmed Combat
 - Level 2.6 Evocations


You had 3 spell levels left.
You didn't know any spells.
Your spell library contained the following spells:

 Spells                   Type           Power      Damage    Failure   Level
 Sting                    Tmut/Pois      0%         1d3       52%         1
 Cigotuvi's Dreadful Rot  Necr/Pois/Air  0%         N/A       67%         2
 Poisonous Vapours        Pois/Air       0%         N/A       67%         2
 Olgreb's Toxic Radiance  Pois           0%         N/A       99%         4
 Arcjolt                  Conj/Air       0%         1d10      100%        5
 Statue Form              Tmut/Erth      Unusable   N/A       N/A         6

Inventory:

Hand Weapons
 a - a +0 short sword {short}
   (You took it off a kobold on level 1 of the Dungeon)
 o - a +0 club {mace}
   (You took it off a goblin on level 1 of the Dungeon)
 s - a +0 dagger {short}
   (You took it off a goblin on level 1 of the Dungeon)
 t - a +0 club {mace}
   (You took it off a kobold on level 1 of the Dungeon)
 u - a +0 club {mace}
   (You took it off a kobold on level 2 of the Dungeon)
Missiles
 f - 4 stones {throwing}
Armour
 b - a +0 leather armour (worn)
 y - a +0 helmet
   (You took it off Robin on level 2 of the Dungeon)
Magical Staves
 q - a staff of conjuration {!a@e2staff}
   (You found it on level 1 of the Dungeon)
Wands
 c - a wand of flame (1) (quivered)
 d - a wand of charming (12)
 e - a wand of iceblast (4)
Scrolls
 i - 2 scrolls of teleportation {unknown}
 j - 2 scrolls of vulnerability {unknown}
 n - 2 scrolls of identify {unknown}
 p - a scroll of fear {unknown}
 v - a scroll of blinking {unknown}
 x - a scroll of brand weapon {unknown}
Potions
 g - 2 potions of berserk rage {unknown}
 h - 4 potions of attraction {unknown}
 k - 4 potions of mutation {unknown}
 l - a potion of curing {unknown}
 m - 3 potions of heal wounds {unknown}
 r - a potion of brilliance {unknown}
 w - a potion of haste {unknown}
 z - a potion of resistance {unknown}

Dungeon Overview and Level Annotations

Branches:
Dungeon (2/15) Zot: 10501

Altars:

Annotations:
D:2 Natasha

#..........#
####..........#
...'.†........# #
####.>........# ..
####..........# ...
#.............# ....
#.............# ...$.
#.............####5.....
#.........####..@hg.....
#.######### #.###5.....
#.####### #.# .....
#.....†.# #)# ....
#######.# #.# g.. #.#
#)# .. #.# #.# . #.#
#.########+##
#.######...........#


You could see Natasha, 2 cerulean imps and 2 goblins.


Message History

The puff of flame misses Robin.
You hear a shout!
Aiming: Throw Flame
Press: ? - help, Shift-Dir - straight line, f/p - Robin
Aim: Robin, wielding a +0 whip of venom, wearing a +0 animal skin and wearing a +0 helmet (heavily wounded, 79% to hit)
The puff of flame hits Robin!
You kill Robin!
You feel better.
You have reached level 4! 😎 HP[+8] MP[+1]
You now have 35 max hp (+7).
Your hp is fully restored (35).
Your mp is fully restored (3).
A goblin comes into view. It is wielding a +0 dagger.
Things that are here:
a +0 whip of venom {mace}; a +0 animal skin; a +0 helmet You barely miss the goblin.
You scratch the goblin.
The goblin hits you with a +0 dagger. 😕 HP[-2]
You take 2 damage, and now have 33/35 hp.
You barely miss the goblin. The goblin hits you but does no damage.
You scratch the goblin.
You kill the goblin!
Your Unarmed Combat skill increases to level 4! 😕 HP[+1]
You see here a +0 dagger {short}.
y - a +0 helmet
Things that are here:
a +0 whip of venom {mace}; a +0 animal skin 😎 HP[+1]
Your hp is fully restored (35).
You open the door. 3 jackals and a goblin come into view.
The jackal barks! x3
A bat comes into view.
A jackal comes into view.
The bat moves out of view.
There are monsters nearby!
The goblin shouts!
The jackal barks!
The jackal bites you but does no damage.
Natasha, Servant of Life and Death comes into view.
Natasha hisses angrily.
You claw the jackal!
You kill the jackal!
The bat closely misses you.
You claw the jackal!
You kill the jackal!
The bat hits you but does no damage.
You scratch the bat.
You kill the bat!
A goblin comes into view. It is wielding a +0 club.
The goblin shouts!
You scratch the jackal.
You hear a shout!
The jackal closely misses you.
Natasha wildly gestures.
You feel troubled. The jackal misses you.
You closely miss the jackal.
Natasha mumbles some strange words.
The jackal barely misses you.
You scratch the jackal but do no damage.
The jackal bites you but does no damage.
You claw the jackal!
You kill the jackal!
The cerulean imp completely misses you.
You scratch the jackal. The jackal bites you.
The cerulean imp hits you from afar with a +2 spear.
The jackal bites you. 😕 HP[-5]
You take 5 damage, and now have 30/35 hp.
You closely miss the jackal. The cerulean imp closely misses you.
The jackal bites you but does no damage.
Natasha casts a spell.
A goblin comes into view. It is wielding a +0 dagger.
You closely miss the jackal. The jackal closely misses you.
The cerulean imp barely misses you.
You scratch the jackal.
You kill the jackal!
The cerulean imp barely misses you. Natasha casts a spell at you.
The magic dart hits you.
You barely miss Natasha.
The cerulean imp hits you from afar with a +2 spear.
The cerulean imp hits you from afar with a +5 spear.
Natasha claws you!
* * * LOW HITPOINT WARNING * * *
You are too injured to fight recklessly! 😨 HP[-14]
You take 14 damage, and now have 16/35 hp.
MASSIVE DAMAGE!! (PAUSE)
Aiming: Throw Flame
Press: ? - help, Shift-Dir - straight line, f - Natasha
Aim: Natasha (64% to hit)
The puff of flame misses Natasha.
The puff of flame hits the goblin!
You kill the goblin!
The cerulean imp hits you from afar with a +2 spear.
* * * LOW HITPOINT WARNING * * *
The cerulean imp hits you from afar with a +5 spear.
* * * LOW HITPOINT WARNING * * *
Natasha claws you.
You die...

Skill      XL: |  1  2  3  4 |
---------------+-------------+-----
Unarmed Combat | 1 3 4 |  4.1
Fighting       | |  1.1
Armour         | |  1.7
Dodging        | |  0.8
Stealth        | |  1.1
Evocations     | |  2.6

Action                     |  1- 3 |  4- 6 || total
---------------------------+-------+-------++-------
  Melee: Unarmed           |    89 |    16 ||   105
         Club              |     4 |       ||     4
         Punch             |     3 |       ||     3
  Evoke: Wand              |    17 |     1 ||    18
   Stab: Sleeping          |     1 |       ||     1
 Armour: Leather armour    |    21 |     5 ||    26
  Dodge: Dodged            |    66 |     9 ||    75

Levels and vault maps discovered:
D:1:      wheals_arrival_shading, layout_basic, serial_aquarium,
          aquarium_bridge_square [aquarium_subvault_window,
          aquarium_subvault_window, aquarium_subvault_bridge,
          aquarium_subvault_bridge], aquarium_window_1, aquarium_window_2,
          aquarium_window_corridor_3, aquarium_view_2b, aquarium_balcony_3a,
          aquarium_pool_2, minmay_pentomino_o2
D:2:      layout_basic, ebering_ecumenical_altar_mist, serial_shops,
          nicolae_shop_pleasant_corner_grove, supply_closet_lemuel,
          minmay_tall_x, uniq_natasha, uniq_robin

Notes
Turn   | Place    | Note
-------+----------+-------------------------------------------
     0 | D:1      | MackTheKnife the Ghoul Artificer began the quest for the
                  | Orb.
     0 | D:1      | Reached XP level 1. HP: 16/16 MP: 0/0
     0 | D:1      | magus.rc [v1.9.6]
    84 | D:1      | Reached skill level 1 in Unarmed Combat
   157 | D:1      | Reached XP level 2. HP: 23/23 MP: 1/1
   320 | D:1      | Reached skill level 2 in Unarmed Combat
   630 | D:1      | You add the spells Sting, Poisonous Vapours and Olgreb's
                  | Toxic Radiance to your library.
  1036 | D:2      | Reached skill level 3 in Unarmed Combat
  1036 | D:2      | Reached XP level 3. HP: 16/28 MP: 2/2
  1038 | D:2      | HP: 5/28 [quokka (4)]
  1133 | D:2      | You add the spells Cigotuvi's Dreadful Rot and Arcjolt to
                  | your library.
  1133 | D:2      | Got the Anthology of Mutated Ceraunoscopy
  1335 | D:2      | Noticed Robin
  1345 | D:2      | HP: 5/28 [goblin/+0 club[Robin] (5)]
  1465 | D:2      | Killed Robin
  1466 | D:2      | Reached XP level 4. HP: 35/35 MP: 3/3
  1474 | D:2      | Reached skill level 4 in Unarmed Combat
  1488 | D:2      | Noticed Natasha
  1501 | D:2      | HP: 5/35 [cerulean imp/+5 spear[Natasha] (6)]
  1501 | D:2      | Slain by Natasha

Vanquished Creatures
  Robin (D:2)
  2 adders (D:2)
  2 dart slugs (D:2)
  3 bats (D:2)
  An endoplasm (D:1)
  7 goblins
  4 hobgoblins
  4 jackals (D:2)
  A quokka (D:2)
  4 ball pythons (D:1)
  4 frilled lizards
  4 kobolds
  A rat (D:2)
38 creatures vanquished.

Vanquished Creatures (others)
  2 goblins (D:2)
2 creatures vanquished.

Grand Total: 40 creatures vanquished

Table legend:
 A = Non-vault XP
 B = Vault XP
 C = Vault XP percentage of total XP
 D = Non-vault monster count
 E = Vault monster count
 F = Vault count percentage of total count
                 A         B        C        D         E       F
            +---------+---------+-------+---------+---------+-------
      Total |      74 |      27 |  26.7 |      29 |       9 |  23.7
            +---------+---------+-------+---------+---------+-------
        D:1 |      20 |       0 |   0.0 |      14 |       0 |   0.0
        D:2 |      54 |      27 |  33.3 |      15 |       9 |  37.5
            +---------+---------+-------+---------+---------+-------

Skill      XL: |  1  2  3  4 |
---------------+-------------+-----
Unarmed Combat | 1 3 4 |  4.1
Fighting       | |  1.1
Armour         | |  1.7
Dodging        | |  0.8
Stealth        | |  1.1
Evocations     | |  2.6

Action                     |  1- 3 |  4- 6 || total
---------------------------+-------+-------++-------
  Melee: Unarmed           |    89 |    16 ||   105
         Club              |     4 |       ||     4
         Punch             |     3 |       ||     3
  Evoke: Wand              |    17 |     1 ||    18
   Stab: Sleeping          |     1 |       ||     1
 Armour: Leather armour    |    21 |     5 ||    26
  Dodge: Dodged            |    66 |     9 ||    75

Illustrated notes

Table legend:
 A = Kills in this place as a percentage of kills in the entire game.
 B = Kills by you in this place as a percentage of kills by you in the entire game.
 C = Kills by friends in this place as a percentage of kills by friends in the entire game.
 D = Other kills in this place as a percentage of other kills in the entire game.
 E = Experience gained in this place as a percentage of experience gained in the entire game.
 F = Experience gained in this place divided by the number of levels of this place that you have seen.
                   A       B       C       D       E      F
               +-------+-------+-------+-------+-------+----------------------
         Total | 100.0 | 100.0 |   N/A |   N/A | 100.0 |  50.5
       Dungeon | 100.0 | 100.0 |   N/A |   N/A | 100.0 |  50.5
               +-------+-------+-------+-------+-------+----------------------

Table legend: (Time is in decaauts)
 A = Elapsed time spent in this place.
 B = Non-inter-level travel time spent in this place.
 C = Inter-level travel time spent in this place.
 D = Time resting spent in this place.
 E = Time spent auto-exploring this place.
 F = Levels seen in this place.
 G = Mean time per level.
                   A        B        C        D        E       F      G
               +--------+--------+--------+--------+--------+-----+--------+
         Total |   1497 |   1460 |     37 |    126 |   1038 |   2 |  748.5 |
       Dungeon |   1497 |   1460 |     37 |    126 |   1038 |   2 |  748.5 |
               +--------+--------+--------+--------+--------+-----+--------+

Top non-repeatable levels by time:
     D:1: 947 daAuts
     D:2: 549 daAuts
